 Dungeon Crawl Stone Soup version 0.29-a0-275-g389c0b56f3 (webtiles) character file.

Game seed: 11965931851929383907

11 Inarius the Covered (level 2, 0/24 HPs)
             Began as a Human Fighter on Mar 12, 2022.
             Succumbed to a kobold's poison
             ... on level 1 of the Dungeon.
             The game lasted 00:00:44 (443 turns).

Inarius the Covered (Human Fighter)                  Turns: 443, Time: 00:00:44

Health: 0/24       AC:  6    Str: 16    XL:     2   Next: 40%
Magic:  2/2        EV:  8    Int:  8    God:
Gold:   0          SH:  5    Dex: 18    Spells: 1/1 levels left

rFire   . . .      SeeInvis .   a - +0 war axe
rCold   . . .      Faith    .   c - +0 buckler
rNeg    . . .      Spirit   .   b - +0 scale mail
rPois   .          Reflect  .   (no helmet)
rElec   .          Harm     .   (no cloak)
rCorr   .          Rampage  .   (no gloves)
Will    .....                   (no boots)
Stlth   ..........              (no amulet)
HPRegen 0.08/turn               g - +6 ring of dexterity
MPRegen 0.08/turn               (no ring)

@: mighty, lethally poisoned (0 -> -12)
A: no striking features
a: no special abilities


You were on level 1 of the Dungeon.
You visited 1 branch of the dungeon, and saw 1 of its levels.

Inventory:

Hand Weapons
 a - a +0 war axe (weapon)
Armour
 b - a +0 scale mail (worn)
 c - a +0 buckler (worn)
Jewellery
 g - a +6 ring of dexterity (left hand)
Scrolls
 e - a scroll of blinking {unknown}
 f - a scroll of immolation {unknown}
 i - a scroll of teleportation {unknown}
Potions
 d - a potion of might
 h - a potion of flight {unknown}


   Skills:
 + Level 3.1 Fighting
 * Level 2.2 Axes
 + Level 3.2 Armour
 + Level 3.1 Shields


You had one spell level left.
You didn't know any spells.
Your spell library was empty.

Dungeon Overview and Level Annotations

Branches:
Dungeon (1/15)

Altars:

Shops:
D:1 [!(


Message History

No target in view!
No target in view!
No target in view!
No target in view!
No target in view!
No target in view!
No target in view!
No target in view!
No target in view!
A kobold comes into view. It is wielding a +2 dagger of venom.
The kobold shouts!
A kobold is nearby!
A kobold is nearby!
A kobold is nearby!
The kobold barely misses you.
You closely miss the kobold.
The kobold hits you with a +2 dagger of venom.
You are poisoned.
You barely miss the kobold.
You feel very sick. The kobold barely misses you.
The kobold hits you with a +2 dagger of venom.
You are lethally poisoned!
You barely miss the kobold.
* * * LOW HITPOINT WARNING * * *
You feel very sick. You block the kobold's attack.
You are too injured to fight recklessly!
You are too injured to fight recklessly!
You are too injured to fight recklessly!
You are too injured to fight recklessly!
There is a lethal amount of poison in your body!
There is a lethal amount of poison in your body!
You feel very mighty all of a sudden.
* * * LOW HITPOINT WARNING * * *
You feel very sick. The kobold hits you but does no damage.
You slash the kobold!
You kill the kobold!
You die...

.#.####.###.## #.....)..
... #.###..## #........
.# #.......# #........
....####..###'#####..
###. #..#..........
###.####..#........##
.........'...)....#
###)####..#........#
..##...@.†...#.#+######
.............#.#.#
..##.........#.#.#######
#....................
#...........#.#####.#
#.....###............
#.....# #...#(##.##.#
......## #.#.#.##.##.#
.#####.# # #.#.##.##.#


There were no monsters in sight!

Vanquished Creatures
  A ball python (D:1)
  A bat (D:1)
  A goblin (D:1)
  3 hobgoblins (D:1)
  A quokka (D:1)
  A frilled lizard (D:1)
  2 kobolds (D:1)
  A rat (D:1)
11 creatures vanquished.

Notes
Turn   | Place    | Note
-------+----------+-------------------------------------------
     0 | D:1      | Inarius the Human Fighter began the quest for the Orb.
     0 | D:1      | Reached XP level 1. HP: 18/18 MP: 1/1
    27 | D:1      | Found Tyoliot's Weapon Boutique.
   261 | D:1      | Reached XP level 2. HP: 24/24 MP: 2/2
   326 | D:1      | Found Hina Uhu's Distillery.
   329 | D:1      | Found Ukiu's Antique Armour Shoppe.
   443 | D:1      | Succumbed to a kobold's poison

Illustrated notes

Levels and vault maps discovered:
D:1:      wander_arrival_peaceful_grave, layout_basic, serial_shops,
          nicolae_shop_stone, shop, shop, shop, shop,
          dreamdust_ecumenical_altar_angels_and_demons

Action                   || total
-------------------------++-------
Melee: War axe           ||    29
  Use: Potion            ||     1
Armor: Scale mail        ||     9
Dodge: Dodged            ||    14
Block: Buckler           ||     8

Table legend: (Time is in decaauts)
 A = Elapsed time spent in this place.
 B = Non-inter-level travel time spent in this place.
 C = Inter-level travel time spent in this place.
 D = Time resting spent in this place.
 E = Time spent auto-exploring this place.
 F = Levels seen in this place.
 G = Mean time per level.
                   A        B        C        D        E       F      G
               +--------+--------+--------+--------+--------+-----+--------+
         Total |    454 |    454 |      0 |      0 |    361 |   1 |  454.0 |
       Dungeon |    454 |    454 |      0 |      0 |    361 |   1 |  454.0 |
               +--------+--------+--------+--------+--------+-----+--------+

Top non-repeatable levels by time:
     D:1: 454 daAuts
